 Dungeon Crawl Stone Soup version 0.26.0-3-g156281e41b (webtiles) character file.

Game seed: 12078045961933603491

215742 Froggeryz the Peltast (level 19, -2/127 HPs)
             Began as a Gargoyle Wanderer on Jan 9, 2021.
             Was the Champion of Okawaru.
             Hit by a silver javelin thrown by a merfolk javelineer (8 damage)
             ... on level 1 of the Shoals.
             The game lasted 00:59:58 (47240 turns).

Froggeryz the Peltast (Gargoyle Wanderer)          Turns: 47240, Time: 00:59:59

Health: -2/127     AC: 49    Str: 27    XL:     19   Next: 3%
Magic:  26/26      EV: 11    Int:  9    God:    Okawaru [******]
Gold:   998        SH: 18    Dex: 13    Spells: 22/22 levels left

rFire    . . .     SeeInvis +   W - +6 morningstar "Gostywia" {pain, rPois Dex+3}
rCold    + . .     Faith    +   R - +2 kite shield of Watchfulness {rElec}
rNeg     + . .     Spirit   .   V - +15 Maxwell's patent armour {-Cast -Tele rElec Will+ rCorr}
rPois    ∞         Reflect  .   E - +0 hat {SInv}
rElec    +         Harm     .   x - +1 cloak {rCorr}
rCorr    +         Rampage  .   h - +0 pair of gloves of the Eternal Fruit {+Blink rC+}
Will     +++..     NoTele   +   O - +0 pair of boots {run} Stlth ..........NoCast +
                                z - amulet of faith
HPRegen  0.31/turn              (no ring)
MPRegen  0.20/turn              y - ring of Bowokoff {Will+ Str+4 Int-4 Slay+5}

@: flying, quick
A: big wings, negative energy resistance 1, electricity resistance, unbreathing,
petrification resistance, miasma immunity, AC +14
}: 1/15 runes: serpentine
a: Stop Flying, Renounce Religion, Evoke Blink, Heroism, Finesse


You were on level 1 of the Shoals.
You worshipped Okawaru.
Okawaru was exalted by your worship.
You visited 7 branches of the dungeon, and saw 30 of its levels.
You also visited: Sewer, Gauntlet and Ice Cave.

You collected 3618 gold pieces.
You spent 2620 gold pieces at shops.

Inventory:

Hand Weapons
 K - the +3 flail "Beastbane" {drain, +Fly rElec rC+ Str-3}
   (You found it on level 8 of the Dungeon)

   A truly terrible weapon, it drains the life of those it strikes.
   It affects your strength (-3).
   It protects you from cold.
   It insulates you from electricity.
   It lets you fly.
 P - a +0 morningstar of freezing
 W - the +6 morningstar "Gostywia" (weapon) {pain, rPois Dex+3}
   (Okawaru gifted it to you on level 15 of the Dungeon)

   In the hands of one skilled in necromantic magic, it inflicts extra damage on
   living creatures.
   It affects your dexterity (+3).
   It protects you from poison.
Missiles
 b - 5 throwing nets
 d - 95 poisoned darts (quivered)
 r - 8 silver javelins
 J - 35 javelins
Armour
 h - the +0 pair of gloves of the Eternal Fruit (worn) {+Blink rC+}
   (Okawaru gifted it to you on level 2 of the Lair of Beasts)

   It protects you from cold.
   It lets you blink.
 t - the +2 crystal plate armour of the Duke {rF+ Will+ Str-5}
   (Okawaru gifted it to you on level 6 of the Lair of Beasts)

   It affects your strength (-5).
   It protects you from fire.
   It affects your willpower, your defense against some magical effects.
 x - a +1 cloak of preservation (worn)
 E - a +0 hat of see invisible (worn)
 O - a +0 pair of boots of running (worn)
 R - the +2 kite shield of Watchfulness (worn) {rElec}
   (You found it on level 3 of the Lair of Beasts)

   It insulates you from electricity.
 V - the +15 Maxwell's patent armour (worn) {-Cast -Tele rElec Will+ rCorr}
   (Okawaru gifted it to you on level 14 of the Dungeon)

   It insulates you from electricity.
   It affects your willpower, your defense against some magical effects.
   It prevents spellcasting.
   It prevents most forms of teleportation.
   It provides partial protection from all sources of acid and corrosion.
Jewellery
 n - an uncursed ring of fire
 y - the ring of Bowokoff (right hand) {Will+ Str+4 Int-4 Slay+5}
   (You found it in a Gauntlet)

   [ring of willpower]

   It affects your strength (+4).
   It affects your intelligence (-4).
   It affects your accuracy and damage with ranged weapons and melee attacks
   (+5).
   It affects your willpower, your defense against some magical effects.
 z - an amulet of faith (around neck)
 D - an uncursed amulet of regeneration
 Y - an uncursed ring of protection from cold
Wands
 q - a wand of polymorph (7)
 B - a wand of digging (1)
 F - a wand of acid (12)
 G - a wand of iceblast (20)
 I - a wand of flame (24)
 L - a wand of paralysis (23)
 S - a wand of disintegration (29)
 T - a wand of enslavement (17)
Scrolls
 e - 4 scrolls of blinking
 g - 3 scrolls of magic mapping
 i - 13 scrolls of teleportation
 k - 11 scrolls of remove curse
 m - 4 scrolls of enchant weapon
 o - 3 scrolls of amnesia
 p - 2 scrolls of fear
 u - 8 scrolls of fog
 A - 9 scrolls of identify
 M - 6 scrolls of enchant armour
 N - 3 scrolls of immolation
 Q - 2 scrolls of brand weapon
Potions
 c - 2 potions of resistance
 f - 10 potions of might
 j - 14 potions of curing
 l - 2 potions of ambrosia
 s - 7 potions of haste
 w - 8 potions of mutation
 C - 5 potions of cancellation
 H - 4 potions of berserk rage
 U - 5 potions of heal wounds
Miscellaneous
 a - a phantom mirror
 v - a box of beasts
 X - a phantom mirror


   Skills:
 + Level 16.8 Fighting
 + Level 17.3 Maces & Flails
 - Level 5.8 Throwing
 - Level 10.0 Armour
 - Level 7.3 Dodging
 - Level 1.1 Stealth
 + Level 18.1 Shields
 - Level 2.0 Spellcasting
 - Level 1.1 Conjurations
 - Level 1.7 Translocations
 - Level 1.0 Ice Magic
 - Level 2.4 Earth Magic
 - Level 10.0 Invocations


You had 22 spell levels left.
You didn't know any spells.
Your spell library contained the following spells:

 Spells                   Type           Power        Failure   Level
 Sandblast                Erth           10%          71%         1
 Freeze                   Ice            8%           88%         1
 Magic Dart               Conj           8%           88%         1
 Passwall                 Tmut/Erth      2%           95%         2
 Searing Ray              Conj           4%           95%         2
 Frozen Ramparts          Ice            4%           99%         3
 Gell's Gravitas          Tloc           2%           99%         3
 Ozocubu's Armour         Ice            2%           99%         3
 Portal Projectile        Hex/Tloc       4%           99%         3
 Stone Arrow              Conj/Erth      8%           99%         3
 Confusing Touch          Hex            0%           100%        3
 Dazzling Flash           Conj/Hex       2%           100%        3
 Fulminant Prism          Conj/Hex       0%           100%        4
 Hailstorm                Conj/Ice       2%           100%        4
 Iskenderun's Mystic Bla  Conj/Tloc      3%           100%        4
 Leda's Liquefaction      Hex/Erth       1%           100%        4
 Petrify                  Tmut/Erth      3%           100%        4
 Summon Ice Beast         Ice/Summ       1%           100%        4
 Summon Lightning Spire   Summ/Air       0%           100%        4
 Bolt of Magma            Conj/Fire/Erth 1%           100%        5
 Lee's Rapid Deconstruct  Erth           2%           100%        5
 Metabolic Englaciation   Hex/Ice        0%           100%        5
 Silence                  Hex/Air        0%           100%        5
 Summon Demon             Summ           0%           100%        5
 Summon Forest            Summ/Tloc      1%           100%        5
 Summon Mana Viper        Hex/Summ       0%           100%        5
 Yara's Violent Unravell  Hex/Tmut       0%           100%        5
 Conjure Ball Lightning   Conj/Air       0%           100%        6
 Dispersal                Tloc           2%           100%        6
 Freezing Cloud           Conj/Ice/Air   1%           100%        6
 Iron Shot                Conj/Erth      2%           100%        6
 Shadow Creatures         Summ           N/A          100%        6
 Summon Hydra             Summ           0%           100%        7
 Disjunction              Tloc           2%           100%        8
 Shatter                  Erth           2%           100%        9
 Tornado                  Air            0%           100%        9
 Statue Form              Tmut/Erth      Unusable     N/A         6

Dungeon Overview and Level Annotations

Branches:
Dungeon (15/15)            Temple (1/1) D:6            Lair (6/6) D:9
 Shoals (1/4) Lair:3        Snake (4/4) Lair:2        Slime (1/5) Lair:5
    Orc (2/2) D:9             Elf (0/3) Orc:2        Vaults (0/5) D:14
 Depths (0/5) D:15          Sewer (visited)           IceCv (visited)
Gauntlet (visited)

Altars:
Ashenzari
Cheibriados
Dithmenos
Elyvilon
Fedhas
Gozag
Hepliaklqana
Kikubaaqudgha
Makhleb
Nemelex Xobeh
Okawaru
Qazlal
Ru
Sif Muna
Trog
Uskayaw
Vehumet
Wu Jian
Xom
Zin
The Shining One
Beogh

Shops:
D:8 *   D:12 *   Orc:2 *(?((   Snake:2 =}=

Annotations:
D:6 2 transporters, topfpfpflanze's ghost, amateur OpFi
D:7 3 runed translucent doors, DildoBatman's ghost, novice FoCj; Drevant2's ghost, novice TeSu
Lair:6 1 runed translucent door, Gutyqen's ghost, journeyman TeMo


Innate Abilities, Weirdness & Mutations

You are resistant to torment.
Your stone body is resilient. (AC +14)
You are immune to poison.
Your large and strong wings let you fly indefinitely.
You resist negative energy. (rN+)
You are resistant to electric shocks. (rElec)
You can survive without breathing.
You are immune to petrification.
You are immune to miasma.


Message History

The merfolk javelineer throws a silver javelin.
The silver javelin pierces through you!!
* * * LOW HITPOINT WARNING * * *
x2 You hear a splash.
You hit the merfolk javelineer.
The merfolk javelineer is severely wounded.
The faun barely misses you.
The snapping turtle bites you but does no damage.
The merfolk javelineer throws a silver javelin.
The silver javelin closely misses you.
You puncture the merfolk javelineer!
The merfolk javelineer is severely wounded.
You block the faun's attack.
The snapping turtle bites you but does no damage.
You completely miss the merfolk javelineer.
The merfolk javelineer is severely wounded.
The merfolk javelineer throws a silver javelin.
The silver javelin pierces through you!!
* * * LOW HITPOINT WARNING * * *
You die...

.###..≈# #+#≈≈#≈..#≈≈#+#
.###.≈≈# #≈≈≈≈≈.≈≈≈≈≈..#
......## ..≈P#≈#.#≈#≈≈(≈
.....## ...≈≈≈≈.≈≈≈≈...
....## ≈.P#≈.≈≈≈.≈#P..
.........≈..≈≈..≈..≈≈..^
≈..≈....###≈≈...c...≈≈#
≈≈≈≈≈≈≈...###≈≈tmc..# #.
≈≈≈≈≈≈..≈≈..####@####...
≈≈≈....[.≈.≈≈≈≈≈≈≈...≈≈≈
.≈≈≈..≈≈.)≈≈≈≈≈≈≈≈≈≈≈≈≈≈
..≈≈...≈.≈≈≈...≈≈≈≈≈≈≈≈≈
..≈≈≈....≈≈≈....≈≈≈≈≈≈≈≈
.≈≈≈≈....≈))..(.≈≈≈≈≈≈≈≈
≈≈≈≈≈....≈≈≈....(≈≈≈≈≈≈≈
≈≈.≈≈..≈≈≈≈≈....≈≈≈≈≈≈≈≈
≈..≈≈≈≈≈.........≈≈≈≈≈≈≈


You could see a merfolk javelineer, a snapping turtle and 2 fauns.

Vanquished Creatures
  Rupert (Snake:1)
  Asterion (Snake:1)
  An acid blob (Lair:5)
  Roxanne (D:14)
  18 nagarajas
  A frost giant (IceCv)
  An orc warlord (Orc:1)
  A minotaur (Gauntlet)
  Nessos (D:13)
  A death ooze (Gauntlet)
  Josephine (D:14)
  A fire dragon (Lair:6)
  2 merfolk impalers (Shoals:1)
  Fannar (D:10)
  A rakshasa (D:13)
  10 hydras
  A yaktaur captain (D:15)
  The ghost of lis82 the Zephyrmancer, a journeyman DgAE (D:13)
  5 boulder beetles
  Erolcha (D:11)
  10 centaur warriors
  10 anacondas
  11 naga warriors
  2 dancing weapons (D:14)
  4 tengu warriors
  8 death yaks
  4 two-headed ogres
  7 naga sharpshooters
  5 shock serpents
  An orc high priest (Orc:1)
  3 skeletal warriors (D:15)
  3 salamander mystics
  21 sea snakes
  5 unseen horrors
  A lindwurm (Lair:6)
  10 naga ritualists
  3 orc sorcerers
  4 orc knights
  9 mana vipers
  A necromancer (Gauntlet)
  3 deep elf magi
  A wolf spider (D:15)
  5 cyclopes
  2 manticores
  11 salamanders
  6 ugly things
  20 elephants
  A centaur zombie (D:9)
  Maurice (D:9)
  3 gargoyles
  A water nymph (Shoals:1)
  44 black mambas
  A molten gargoyle (Lair:6)
  7 naga magi
  5 guardian serpents
  16 cane toads
  3 rime drakes
  13 komodo dragons
  Maggie (D:9)
  An efreet (D:15)
  A freezing wraith (D:15)
  2 tengu conjurers (D:15)
  A redback zombie (D:13)
  6 trolls
  2 queen bees
  2 wind drakes (Shoals:1)
  8 merfolk (Shoals:1)
  8 meliai
  19 polar bears
  2 raiju (Gauntlet)
  7 slime creatures
  18 blink frogs
  4 snapping turtles
  A shadow (D:14)
  8 wyverns
  2 water elementals (Shoals:1)
  4 wraiths
  82 yaks
  4 steam dragons
  7 basilisks
  Edmund (D:6)
  10 vampire mosquitoes
  A large abomination (Gauntlet)
  6 wargs
  35 nagas
  A soldier ant (D:12)
  3 acid dragons
  4 hell hounds (Lair:6)
  20 water moccasins
  A swamp drake (D:9)
  32 orc warriors
  5 ice beasts
  4 phantoms
  7 sky beasts
  A necrophage (D:5)
  11 ogres
  17 wolves
  29 centaurs
  2 big kobolds
  23 bullfrogs
  6 small abominations (Gauntlet)
  A wyvern zombie (D:8)
  3 scorpions
  26 killer bees
  6 wights
  4 howler monkeys
  10 electric eels
  2 bullfrog zombies
  8 hounds
  4 lava snakes (Lair:6)
  Crazy Yiuf (D:3)
  4 jellies
  A gnoll shaman (D:3)
  20 orc priests
  2 centaur skeletons
  18 orc wizards
  Terence (D:2)
  9 worker ants
  Ijyb (D:3)
  A lightning spire (Gauntlet)
  9 iguanas
  7 hell rats (Lair:6)
  A killer bee zombie (D:8)
  3 hound skeletons
  A worker ant zombie (D:10)
  Robin (D:3)
  2 howler monkey skeletons
  8 gnolls
  20 adders
  4 river rats (Sewer)
  A shadow imp (D:5)
  A white imp (D:10)
  An ufetubus (D:9)
  6 oozes
  3 worms (D:2)
  An adder zombie (D:7)
  A dart slug (D:4)
  6 leopard geckos
  79 orcs
  10 ball pythons
  5 bats
  8 giant cockroaches
  14 goblins
  11 hobgoblins
  3 jackals (D:4)
  12 kobolds
  6 quokkas
  9 frilled lizards
  A leopard gecko skeleton (D:4)
  32 rats
1113 creatures vanquished.

Vanquished Creatures (collateral kills)
  Psyche (D:9)
1 creature vanquished.

Vanquished Creatures (others)
  2 death yaks (Lair:5)
  27 fungi
  55 plants
84 creatures vanquished.

Grand Total: 1198 creatures vanquished

Notes
Turn   | Place    | Note
-------+----------+-------------------------------------------
     0 | D:1      | Froggeryz the Gargoyle Wanderer began the quest for the
                  | Orb.
     0 | D:1      | Froggeryz set off with the following items: a +2 dagger, a
                  | scroll of fear, a +0 robe; and the following spell
                  | memorised: Freeze; and the following spells available to
                  | memorise: Frozen Ramparts
     0 | D:1      | Reached XP level 1. HP: 10/10 MP: 3/3
   166 | D:1      | Reached skill level 1 in Fighting
   166 | D:1      | Reached skill level 1 in Armour
   167 | D:1      | Reached XP level 2. HP: 8/16 MP: 5/5
   682 | D:1      | Found a broken altar of Ashenzari.
   739 | D:1      | Reached XP level 3. HP: 20/21 MP: 6/6
  1455 | D:2      | Noticed Terence
  1458 | D:2      | Reached XP level 4. HP: 27/27 MP: 7/7
  1572 | D:2      | Killed Terence
  1573 | D:2      | Reached skill level 1 in Maces & Flails
  2181 | D:3      | Reached XP level 5. HP: 32/32 MP: 8/8
  2207 | D:3      | Noticed Ijyb
  2209 | D:3      | Noticed Robin
  2244 | D:3      | Killed Ijyb
  2274 | D:3      | Killed Robin
  2509 | D:3      | Found a glowing drain.
  2514 | Sewer    | Entered a sewer
  2606 | Sewer    | Reached XP level 6. HP: 25/37 MP: 9/9
  4389 | D:3      | Found a faded altar of an unknown god.
  4389 | D:3      | Found a white marble altar of Elyvilon.
  4393 | D:3      | Reached XP level 7. HP: 43/43 MP: 10/10
  4396 | D:3      | Found an ornate altar of the Wu Jian Council.
  4398 | D:3      | Found a broken altar of Ashenzari.
  4407 | D:3      | Found a hide-covered altar of Uskayaw.
  4801 | D:3      | Found a runed translucent door.
  4802 | D:3      | Noticed Crazy Yiuf
  5017 | D:3      | Killed Crazy Yiuf
  5222 | D:4      | Found a radiant altar of Vehumet.
  5737 | D:4      | Identified Vehumet's Reference Book on Confrontation
  5740 | D:4      | Found an ancient bone altar of Kikubaaqudgha.
  5741 | D:4      | Found a shimmering blue altar of Sif Muna.
  6316 | D:4      | Reached skill level 5 in Maces & Flails
  6448 | D:4      | Reached skill level 5 in Fighting
  6448 | D:4      | Reached skill level 5 in Armour
  6448 | D:4      | Reached XP level 8. HP: 25/49 MP: 11/11
  6668 | D:4      | Found an iron altar of Okawaru.
  6728 | D:4      | Became a worshipper of Warmaster Okawaru
  6990 | D:5      | Entered Level 5 of the Dungeon
  7556 | D:5      | Found a glowing silver altar of Zin.
  7691 | D:5      | Found an opulent altar of Gozag.
  8016 | D:6      | Noticed a hornet
  8073 | D:6      | Found a staircase to the Ecumenical Temple.
  8124 | D:7      | Reached * piety under Okawaru
  8367 | D:6      | Found a transporter.
  8372 | D:6      | Found a transporter.
  8372 | D:6      | Noticed topfpfpflanze's ghost (amateur OpFi)
  8519 | D:6      | Noticed Edmund
  8552 | D:6      | Killed Edmund
  8553 | D:6      | Reached skill level 2 in Shields
  8553 | D:6      | Reached XP level 9. HP: 19/54 MP: 12/12
  9035 | Temple   | Entered the Ecumenical Temple
  9273 | D:7      | Reached skill level 3 in Shields
  9540 | D:7      | Reached ** piety under Okawaru
  9541 | D:7      | Reached skill level 4 in Shields
  9839 | D:7      | Found a roughly hewn altar of Beogh.
 10325 | D:7      | Found a blossoming altar of Fedhas.
 10401 | D:7      | Reached skill level 5 in Shields
 10555 | D:7      | Found a sacrificial altar of Ru.
 10839 | D:7      | Found a runed translucent gate.
 10839 | D:7      | Found a runed translucent gate.
 10839 | D:7      | Found a runed translucent gate.
 10840 | D:7      | Noticed Drevant2's ghost (novice TeSu)
 10840 | D:7      | Noticed DildoBatman's ghost (novice FoCj)
 11006 | D:8      | Found Neineok's Island Escapes.
 11099 | D:8      | Reached skill level 6 in Shields
 11192 | D:8      | Reached *** piety under Okawaru
 11196 | D:8      | Got a steaming flail
 11199 | D:8      | Identified the cursed +3 flail "Beastbane" {drain, +Fly
                  | rElec rC+ Str-3} (You found it on level 8 of the Dungeon)
 11299 | D:8      | Reached skill level 10 in Maces & Flails
 11792 | D:8      | Bought a scroll of teleportation for 45 gold pieces
 11792 | D:8      | Bought a scroll of fog for 30 gold pieces
 11830 | D:9      | Reached XP level 10. HP: 58/59 MP: 13/13
 11907 | D:9      | Found a staircase to the Lair.
 11909 | D:9      | Noticed Psyche
 11919 | D:10     | Entered Level 10 of the Dungeon
 11924 | D:10     | Reached skill level 7 in Shields
 12005 | D:10     | Reached **** piety under Okawaru
 12591 | D:9      | Noticed Maurice
 12613 | D:9      | Killed Maurice
 12616 | D:9      | Found a blossoming altar of Fedhas.
 12933 | D:9      | Found a staircase to the Orcish Mines.
 13057 | D:9      | Reached ***** piety under Okawaru
 13069 | D:9      | Reached XP level 11. HP: 36/66 MP: 14/14
 13596 | D:9      | Found a snail-covered altar of Cheibriados.
 13691 | D:9      | Noticed Maggie
 13705 | D:9      | Killed Maggie
 13729 | D:9      | Received a gift from Okawaru
 13908 | D:9      | Killed Psyche
 14373 | Lair:1   | Entered Level 1 of the Lair of Beasts
 14417 | Lair:1   | Noticed an eight-headed hydra
 14551 | Lair:1   | Killed an eight-headed hydra
 14551 | Lair:1   | Received a gift from Okawaru
 14933 | Lair:1   | Reached ****** piety under Okawaru
 14941 | Lair:1   | Received a gift from Okawaru
 14960 | Lair:1   | Noticed a seven-headed hydra
 14987 | Lair:1   | Killed a seven-headed hydra
 14988 | Lair:1   | Reached XP level 12. HP: 71/76 MP: 13/15
 15351 | Lair:1   | Reached skill level 1 in Invocations
 15842 | Lair:1   | Received a gift from Okawaru
 16370 | Lair:2   | Reached skill level 10 in Fighting
 16633 | Lair:2   | Found a staircase to the Snake Pit.
 16659 | Lair:2   | Found a frozen archway.
 16668 | IceCv    | Entered an ice cave
 16849 | IceCv    | Reached skill level 15 in Maces & Flails
 17356 | IceCv    | Noticed a frost giant
 17376 | IceCv    | Killed a frost giant
 17377 | IceCv    | Reached skill level 5 in Invocations
 17389 | IceCv    | Reached XP level 13. HP: 79/83 MP: 10/16
 17551 | IceCv    | Received a gift from Okawaru
 17570 | IceCv    | Got an ichor-stained dire flail {god gift}
 17612 | IceCv    | Identified the +7 dire flail of Pillar {spect, Str+4 Int-5
                  | Dex+9} (Okawaru gifted it to you in an ice cave)
 18108 | Lair:2   | Received a gift from Okawaru
 18109 | Lair:2   | Got a pair of transparent gloves {god gift}
 18115 | Lair:2   | Identified the +0 pair of gloves of the Eternal Fruit
                  | {+Blink rC+} (Okawaru gifted it to you on level 2 of the
                  | Lair of Beasts)
 20125 | Lair:3   | Got a pair of spiked gloves
 20136 | Lair:3   | Identified the cursed +0 pair of gloves of Vuura {Dex+2}
                  | (You found it on level 3 of the Lair of Beasts)
 20287 | Lair:3   | Reached skill level 1 in Throwing
 20488 | Lair:3   | Found a staircase to the Shoals.
 20888 | Lair:4   | Received a gift from Okawaru
 20919 | Lair:4   | Identified a +0 pair of boots of running (Okawaru gifted it
                  | to you on level 4 of the Lair of Beasts)
 21334 | Lair:4   | Gained mutation: Your large and strong wings let you fly
                  | indefinitely. [Gargoyle growth]
 21334 | Lair:4   | Reached XP level 14. HP: 69/90 MP: 19/19
 21778 | Lair:4   | Identified a scroll of acquirement
 21778 | Lair:4   | Acquired 813 gold pieces
 22920 | Lair:5   | Found a staircase to the Slime Pits.
 23014 | Lair:5   | Received a gift from Okawaru
 23666 | Slime:1  | Entered Level 1 of the Pits of Slime
 23666 | Slime:1  | Noticed an acid blob
 23681 | Lair:5   | Killed an acid blob
 23737 | Lair:6   | Entered Level 6 of the Lair of Beasts
 23948 | Lair:5   | HP: 4/92 [yak (7)]
 24470 | Lair:6   | Found a runed translucent door.
 24471 | Lair:6   | Found a shimmering altar of Xom.
 24473 | Lair:6   | Noticed Gutyqen's ghost (journeyman TeMo)
 24788 | Lair:6   | Reached skill level 5 in Throwing
 25493 | Lair:6   | Received a gift from Okawaru
 25494 | Lair:6   | Identified the +2 crystal plate armour of the Duke {rF+
                  | Will+ Str-5} (Okawaru gifted it to you on level 6 of the
                  | Lair of Beasts)
 25860 | Lair:6   | Found a large runed translucent door.
 26883 | Lair:6   | Found a large runed translucent door.
 27049 | Lair:6   | Reached XP level 15. HP: 89/97 MP: 20/22
 27346 | Orc:1    | Entered Level 1 of the Orcish Mines
 27389 | Orc:1    | Reached skill level 10 in Invocations
 27439 | Orc:1    | Noticed an orc warlord
 27453 | Orc:1    | Killed an orc warlord
 27503 | D:9      | Reached skill level 8 in Shields
 27777 | Orc:1    | Paralysed by an orc sorcerer for 4 turns
 28473 | Orc:1    | Reached skill level 10 in Armour
 29337 | Orc:2    | Entered Level 2 of the Orcish Mines
 29337 | Orc:2    | Found a staircase to the Elven Halls.
 29353 | Orc:2    | Found Qoacrogh's Antique Weapon Shop.
 29365 | Orc:2    | Found a gate leading to a gauntlet.
 29374 | Gauntlet | Entered a Gauntlet
 29374 | Gauntlet | Found a transporter.
 29488 | Gauntlet | Found a transporter.
 29490 | Gauntlet | Found a transporter.
 29491 | Gauntlet | Found a transporter.
 29502 | Gauntlet | Found a transporter.
 29502 | Gauntlet | Found a transporter.
 29503 | Gauntlet | Found a transporter.
 29512 | Gauntlet | Found a transporter.
 29514 | Gauntlet | Found a transporter.
 29515 | Gauntlet | Found a transporter.
 29526 | Gauntlet | Found a transporter.
 29526 | Gauntlet | Found a transporter.
 29527 | Gauntlet | Found a transporter.
 29531 | Gauntlet | Found a runed translucent door.
 29533 | Gauntlet | Found a runed translucent door.
 29535 | Gauntlet | Found a transporter.
 30049 | Gauntlet | Reached skill level 9 in Shields
 30381 | Gauntlet | Reached skill level 10 in Shields
 30393 | Gauntlet | Got a flickering glass ring
 30530 | Gauntlet | Identified the ring of Bowokoff {Will+ Str+4 Int-4 Slay+5}
                  | (You found it in a Gauntlet)
 30603 | Gauntlet | Received a gift from Okawaru
 30749 | Orc:2    | Received a gift from Okawaru
 30898 | Orc:2    | Reached skill level 11 in Shields
 31705 | Orc:2    | Found Mynetrat's Magic Scroll Shoppe.
 31705 | Orc:2    | Found Kuyvaqah's Weapon Shop.
 31707 | Orc:2    | Found Taef's Assorted Antiques.
 31709 | Orc:2    | Found Vytzeif's Antique Weapon Emporium.
 31713 | Orc:2    | Bought a scroll of blinking for 120 gold pieces
 31713 | Orc:2    | Bought a scroll of noise for 16 gold pieces
 31774 | Orc:2    | Bought a potion of curing for 81 gold pieces
 31774 | Orc:2    | Bought a viscous coppery potion for 24 gold pieces
 31774 | Orc:2    | Bought a hardcover book for 405 gold pieces
 31777 | Orc:2    | Bought a scroll of enchant armour for 120 gold pieces
 31777 | Orc:2    | Bought a scroll of enchant weapon for 120 gold pieces
 31777 | Orc:2    | Bought a scroll of enchant armour for 120 gold pieces
 31784 | Orc:2    | Bought a glass ring for 135 gold pieces
 32560 | Lair:3   | Got a glimmering kite shield
 32563 | Lair:3   | Identified the +2 kite shield of Watchfulness {rElec} (You
                  | found it on level 3 of the Lair of Beasts)
 32710 | D:11     | Noticed Fannar
 32783 | D:10     | Killed Fannar
 32874 | D:11     | Reached skill level 12 in Shields
 33159 | D:11     | Noticed Erolcha
 33163 | D:11     | Killed Erolcha
 33458 | D:11     | Found a stormy altar of Qazlal.
 33594 | D:12     | Found Fekkoila's Assorted Antiques.
 33672 | D:12     | Bought a buzzing scale mail for 297 gold pieces
 33672 | D:12     | Identified the +0 scale mail "Ozapunav" {Harm rPois Will++
                  | Str-2} (You bought it in a shop on level 12 of the Dungeon)
 33683 | D:12     | Bought a glowing hardcover book for 495 gold pieces
 34522 | D:13     | Reached skill level 13 in Shields
 35474 | D:13     | Reached XP level 16. HP: 79/104 MP: 23/23
 36052 | D:13     | Received a gift from Okawaru
 36057 | D:13     | Reached skill level 14 in Shields
 36202 | D:13     | Found a large runed translucent door.
 36202 | D:13     | Found a large runed translucent door.
 36204 | D:13     | Noticed lis82's ghost (journeyman DgAE)
 36847 | D:13     | Killed lis82's ghost
 37037 | D:14     | Noticed Nessos
 37057 | D:13     | Killed Nessos
 37585 | D:14     | Noticed Josephine
 37592 | D:14     | Killed Josephine
 37592 | D:14     | Received a gift from Okawaru
 37600 | D:14     | Reached skill level 15 in Shields
 37913 | D:14     | Received a gift from Okawaru
 37914 | D:14     | Found the +15 Maxwell's patent armour {-Cast -Tele rElec
                  | Will+ rCorr}
 38104 | D:14     | Found a gate to the Vaults.
 38122 | D:14     | Noticed Roxanne
 38150 | D:14     | Killed Roxanne
 38495 | D:15     | Entered Level 15 of the Dungeon
 38863 | D:15     | Reached skill level 16 in Shields
 39176 | D:15     | Received a gift from Okawaru
 39179 | D:15     | Got a fine morningstar {god gift}
 39182 | D:15     | Found a staircase to the Depths.
 39390 | D:15     | Identified the +6 morningstar "Gostywia" {pain, rPois
                  | Dex+3} (Okawaru gifted it to you on level 15 of the
                  | Dungeon)
 39524 | D:15     | Reached skill level 17 in Shields
 39686 | D:15     | Reached skill level 1 in Dodging
 40307 | Snake:1  | Entered Level 1 of the Snake Pit
 40357 | Snake:1  | Reached XP level 17. HP: 102/109 MP: 24/24
 40842 | Snake:1  | Noticed Asterion
 40868 | Snake:1  | Killed Asterion
 41131 | Snake:1  | Received a gift from Okawaru
 41183 | Snake:1  | Noticed Rupert
 41198 | Snake:1  | Killed Rupert
 41355 | Snake:2  | Received a gift from Okawaru
 41739 | Snake:2  | Reached skill level 5 in Dodging
 41897 | Snake:2  | Found Loagu's Jewellery Boutique.
 41897 | Snake:2  | Found Exemakept's Gadget Shoppe.
 41898 | Snake:2  | Found Akhon's Jewellery Boutique.
 41903 | Snake:2  | Bought a cursed ring of teleportation for 81 gold pieces
 41903 | Snake:2  | Bought a cursed ring of attention for 81 gold pieces
 41915 | Snake:2  | Bought an uncursed ring of protection from cold for 450
                  | gold pieces
 43085 | Snake:3  | Received a gift from Okawaru
 43086 | Snake:3  | Got a pair of spiked gloves {god gift}
 43087 | Snake:3  | Identified the +2 pair of gloves "Sustrayfu" {+Fly Will-
                  | Int+6 Stlth+} (Okawaru gifted it to you on level 3 of the
                  | Snake Pit)
 43151 | Snake:3  | Reached skill level 15 in Fighting
 43811 | Snake:3  | Reached XP level 18. HP: 119/119 MP: 25/25
 44274 | Snake:4  | Entered Level 4 of the Snake Pit
 44436 | Snake:4  | Identified the Tome of Cold
 44513 | Snake:4  | Received a gift from Okawaru
 45512 | Snake:4  | Received a gift from Okawaru
 46045 | Snake:4  | Reached skill level 18 in Shields
 46135 | Snake:4  | Got a serpentine rune of Zot
 46306 | Snake:4  | Received a gift from Okawaru
 46543 | Shoals:1 | Entered Level 1 of the Shoals
 47120 | Shoals:1 | Reached XP level 19. HP: 110/127 MP: 26/26
 47240 | Shoals:1 | HP: 6/127 [merfolk javelineer/silver javelin (23)]
 47240 | Shoals:1 | Hit by a silver javelin thrown by a merfolk javelineer

Illustrated notes

Levels and vault maps discovered:
D:1:      giann_horns, layout_basic, ashenzari_altar_1
D:2:      layout_rooms, lemuel_another_geyser, uniq_terence
D:3:      layout_basic, chequers_temple_overflow_minitemple,
          portal_sewer_entry_e, uniq_crazy_yiuf_cottage, uniq_ijyb, uniq_robin
D:4:      layout_layer_cave, grunt_temple_overflow_magic_moments,
          lemuel_coloured_pillars_altar
D:5:      layout_basic, pdpol_temple_overflow_zin_treasury_gozag_greed
D:6:      layout_loops_ring, minmay_temple_entry_statues_fountains,
          gammafunk_ghost_hive, uniq_edmund
D:7:      minmay_s_stair_smasher, layout_loops_corners,
          nicolae_ru_path_of_blood, general_overflow_altar,
          gammafunk_ghost_cemetery, david_defended_altar_orc
D:8:      layout_rooms, nicolae_island_escapes
D:9:      layout_stronghold, lemuel_round_altar, minmay_lair_entry_grove,
          erik_orc_1, basic_altar, kennysheep_small_square, uniq_psyche,
          uniq_maggie, uniq_maurice
D:10:     layout_roguey, serial_shops, shop
D:11:     layout_rooms, grunt_qazlal_clouds, uniq_erolcha, uniq_fannar
D:12:     layout_long_grid, serial_shops, shop, minmay_crystal_water,
          chequers_serial_rivers_large_b
D:13:     layout_long_grid, ebering_ghost_disaster_area,
          nicolae_looking_at_the_future
D:14:     layout_long_grid, erik_vaults_1, nicolae_benzene_ring, uniq_josephine,
          uniq_roxanne, uniq_nessos
D:15:     hangedman_depths_entry_civil_slaughter, layout_irregular_city,
          ebering_dispersal_statue_hall
Temple:   compressed_dpeg_triangle_lava_temple
Lair:1:   layout_cave_pods, grunt_megastairs_2, infiniplex_staircase_pool_2,
          lemuel_fruit_tree
Lair:2:   layout_loops_ring, minmay_snake_entry_guardpost_small,
          portal_ice_cave_entry_pillars_2
Lair:3:   layout_regular_city, minmay_shoals_entry_hut, serial_bayou_shore_b
Lair:4:   layout_regular_city, minivault_11
Lair:5:   layout_hall_layers, nicolae_slime_entry_slimehenge, fungi_pond_lemuel
Lair:6:   cheibrodos_lair_end_hotspot, layout_misc_corridors, ebering_ghost_xom
Shoals:1: layout_shoals, regret_index_shoals_crete
Snake:1:  layout_basic, uniq_asterion, uniq_rupert
Snake:2:  layout_cave_pods, guppyfry_snake_island, minmay_shop_grove
Snake:3:  kennysheep_six_static_rooms, layout_onion, nrook_loot_triangle,
          grunt_ministairs_8
Snake:4:  grunt_snake_rune_pools, layout_basic, drop_trap
Slime:1:  layout_caves, cheibrodos_slime_lost_civilization_7
Orc:1:    layout_caves
Orc:2:    st_orc_rangers, layout_caves, serial_shops, shop,
          gauntlet_entry_generic

Skill      XL: |  1  2  3  4  5  6  7  8  9 10 11 12 13 14 15 16 17 18 |
---------------+-------------------------------------------------------+-----
Fighting       | 1 2 3 4 5 6 9 10 11 12 13 15 16 | 16.8
Armour         | 1 2 3 4 5 7 9 10 | 10.0
Maces & Flails | 1 2 3 5 8 10 12 14 15 16 17 | 17.3
Shields        | 2 6 7 13 17 18 | 18.1
Invocations    | 5 7 9 10 | 10.0
Throwing       | 2 5 |  5.8
Dodging        | 1 7 |  7.3
Stealth        | |  1.1
Spellcasting   | |  2.0
Conjurations   | |  1.1
Translocations | |  1.7
Ice Magic      | |  1.0
Earth Magic    | |  2.4

Action                   |  1- 3 |  4- 6 |  7- 9 | 10-12 | 13-15 | 16-18 | 19-21 || total
-------------------------+-------+-------+-------+-------+-------+-------+-------++-------
Melee: Dagger            |   134 |       |       |       |       |       |       ||   134
       Mace              |     2 |   368 |   122 |       |       |       |       ||   492
       Flail             |       |       |   541 |   770 |  1671 |       |       ||  2982
       Morningstar       |       |       |       |       |   376 |  1694 |    36 ||  2106
Throw: Dart              |       |     9 |     7 |    12 |     6 |       |       ||    34
Invok: Heroism           |       |       |       |     7 |     9 |     1 |       ||    17
       Finesse           |       |       |       |     1 |     1 |     1 |       ||     3
 Abil: Evoke Flight      |       |       |       |     1 |     1 |       |       ||     2
       Fly               |       |       |       |       |       |     1 |       ||     1
Evoke: Wand              |       |     5 |     2 |     3 |     2 |       |     2 ||    14
       Phantom mirror    |       |       |       |     1 |       |       |       ||     1
  Use: Scroll            |       |     5 |    15 |     6 |    20 |     5 |       ||    51
       Potion            |       |       |     1 |     5 |     7 |       |       ||    13
 Stab: Confused          |       |       |       |     1 |       |       |       ||     1
Armor: Robe              |    13 |       |       |       |       |       |       ||    13
       Ring mail         |    30 |     7 |       |       |       |       |       ||    37
       Skin              |     3 |       |       |       |       |       |       ||     3
       Scale mail        |       |   340 |   491 |    70 |       |       |       ||   901
       Chain mail        |       |       |       |   455 |  1388 |   176 |       ||  2019
       Plate armour      |       |       |       |       |       |   739 |    19 ||   758
Dodge: Dodged            |    74 |   279 |   309 |   242 |   650 |   374 |    10 ||  1938
Block: Buckler           |       |       |    62 |   192 |   445 |       |       ||   699
       Kite shield       |       |       |       |       |   205 |  1352 |    30 ||  1587
